| TOP OF THE 1ST |
|
Seattle Mariners batting - Pitching for Detroit Tigers : RHP Ryan Sobocinski
|
|
Pitching: RHP Ryan Sobocinski
|
|
|
Batting: RHB Steve Bartman Jr.
|
0-0: Foul Ball, location: 2F 0-1: Foul Ball, location: 2F 0-2: Foul Ball, location: 2F 0-2: SINGLE (Groundball, 34D, EV 105.6 MPH)
|
|
Batting: LHB Dae-ik Yoon
|
0-0: Ball 1-0: Foul Ball, location: 2F 1-1: Ball 2-1: Ball 3-1: Foul Ball, location: 2F 3-2: Fielders Choice at 2nd, 3-6 (Groundball, 34S, EV 91.9 MPH)
|
|
Batting: SHB Floyd-William Goof
|
0-0: SINGLE (Groundball, 56D, EV 100.6 MPH) (infield hit) Dae-ik Yoon to second
|
|
Batting: SHB Tze-meng Gan
|
0-0: Ball 1-0: Foul Ball, location: 2F 1-1: SINGLE (Line Drive, 56D, EV 103.1 MPH) Dae-ik Yoon to third Floyd-William Goof to second
|
|
Batting: LHB Bi-jun Chien
|
0-0: Ball 1-0: Fly out, F9 (Flyball, 9, EV 91.2 MPH) Runner from 3rd tags up, SCORES, no throw by RF
|
|
Batting: LHB John Zumbo
|
0-0: Fly out, F6 (Flyball, 56D, EV 93.1 MPH)
|
| Top of the 1st over - 1 run, 3 hits, 0 errors, 2 left on base; Seattle 1 - Detroit 0 |
| BOTTOM OF THE 1ST |
|
Detroit Tigers batting - Pitching for Seattle Mariners : RHP Bas Kooy
|
|
Pitching: RHP Bas Kooy
|
|
|
Batting: RHB Greg Harman
|
0-0: Foul Ball, location: 2F 0-1: Foul Ball, location: 2F 0-2: Strikes out swinging
|
|
Batting: LHB Morgan Black
|
0-0: SINGLE (Groundball, 34S, EV 58.8 MPH) (infield hit)
|
|
Batting: RHB Randy Shrewsbury
|
0-0: Ball 1-0: Ball 2-0: Foul Ball, location: 2F 2-1: Swinging Strike 2-2: Strikes out swinging
|
|
Batting: LHB Tyler Davis
|
0-0: Ball 1-0: Ball 2-0: Ball 3-0: Called Strike 3-1: SINGLE (Line Drive, 8RS, EV 97.5 MPH) Morgan Black to second Runner from 2nd tries for 3rd, SAFE, throw by CF made to third
|
|
Batting: RHB Ryan Neal
|
0-0: SINGLE (Groundball, 56D, EV 96.2 MPH) Morgan Black scores Tyler Davis to second
|
|
Batting: RHB Victor Quinones
|
0-0: Ball 1-0: Ball 2-0: Called Strike 2-1: Ball 3-1: Called Strike 3-2: SINGLE (Groundball, 6MD, EV 102.5 MPH) Tyler Davis to third Ryan Neal to second Tyler Davis scores Ryan Neal to third
|
|
Batting: LHB Emmanuel Gaskin
|
0-0: Ball 1-0: Ball 2-0: Ball 3-0: Called Strike 3-1: Base on Balls Victor Quinones to second
|
|
Batting: LHB Jordan Villa
|
0-0: Called Strike 0-1: Ball 1-1: Swinging Strike 1-2: Foul Ball, location: 2F 1-2: Ground out 4-3 (Groundball, 4, EV 91.2 MPH)
|
| Bottom of the 1st over - 2 runs, 4 hits, 0 errors, 3 left on base; Seattle 1 - Detroit 2 |
| TOP OF THE 2ND |
|
Seattle Mariners batting - Pitching for Detroit Tigers : RHP Ryan Sobocinski
|
|
Batting: RHB Ivan Colon
|
0-0: Ball 1-0: Foul Ball, location: 2F 1-1: SOLO HOME RUN (Flyball, 7LD, EV 99.4 MPH), Distance : 373 ft
|
|
Batting: RHB Jonathan Rangel
|
0-0: Called Strike 0-1: Ground out U3 (Groundball, 3S, EV 88.1 MPH)
|
|
Batting: RHB Young-kwang Ohnn
|
0-0: Ball 1-0: Ball 2-0: Foul Ball, location: 2F 2-1: DOUBLE (Groundball, 5L, EV 103.8 MPH)
|
|
Batting: RHB Steve Bartman Jr.
|
0-0: Ball 1-0: Foul Ball, location: 2F 1-1: SINGLE (Line Drive, 56, EV 96.2 MPH) Young-kwang Ohnn to third
|
|
Batting: LHB Dae-ik Yoon
|
0-0: Ball 1-0: Fly out, F9 (Flyball, 89S, EV 82.5 MPH)
|
|
Batting: SHB Floyd-William Goof
|
0-0: Ball 1-0: Called Strike 1-1: Ball 2-1: Swinging Strike 2-2: Foul Ball, location: 2F 2-2: Ball 3-2: Strikes out swinging
|
| Top of the 2nd over - 1 run, 3 hits, 0 errors, 2 left on base; Seattle 2 - Detroit 2 |
| BOTTOM OF THE 2ND |
|
Detroit Tigers batting - Pitching for Seattle Mariners : RHP Bas Kooy
|
|
Batting: RHB Adrian Novakovic
|
0-0: Ball 1-0: Foul Ball, location: 2F 1-1: Foul Ball, location: 2F 1-2: Ball 2-2: Ball 3-2: Strikes out looking
|
|
Batting: RHB Greg Harman
|
0-0: Foul Ball, location: 2F 0-1: Swinging Strike 0-2: Fly out, F3 (Line Drive, 3, EV 63.8 MPH)
|
|
Batting: LHB Morgan Black
|
0-0: Called Strike 0-1: Bunt missed! 0-2: Hit by Pitch
|
|
Batting: RHB Randy Shrewsbury
|
0-0: Called Strike 0-1: Ball 1-1: SINGLE (Groundball, 5S, EV 68.1 MPH) (infield hit) Morgan Black to second
|
|
Batting: LHB Tyler Davis
|
0-0: Ball 1-0: Ground out U3 (Groundball, 34, EV 83.8 MPH)
|
| Bottom of the 2nd over - 0 runs, 1 hit, 0 errors, 2 left on base; Seattle 2 - Detroit 2 |
| TOP OF THE 3RD |
|
Seattle Mariners batting - Pitching for Detroit Tigers : RHP Ryan Sobocinski
|
|
Batting: SHB Tze-meng Gan
|
0-0: Ball 1-0: Fly out, F7 (Line Drive, 7S, EV 100.0 MPH)
|
|
Batting: LHB Bi-jun Chien
|
0-0: Ball 1-0: Swinging Strike 1-1: Foul Ball, location: 2F 1-2: Fly out, F7 (Line Drive, 7, EV 91.2 MPH)
|
|
Batting: LHB John Zumbo
|
0-0: Called Strike 0-1: Ball 1-1: Ground out 4-3 (Groundball, 4, EV 100.0 MPH)
|
| Top of the 3rd over - 0 runs, 0 hits, 0 errors, 0 left on base; Seattle 2 - Detroit 2 |
| BOTTOM OF THE 3RD |
|
Detroit Tigers batting - Pitching for Seattle Mariners : RHP Bas Kooy
|
|
Batting: RHB Ryan Neal
|
0-0: Swinging Strike 0-1: Called Strike 0-2: Ball 1-2: Strikes out looking
|
|
Batting: RHB Victor Quinones
|
0-0: Ball 1-0: Swinging Strike 1-1: Foul Ball, location: 2F 1-2: Ball 2-2: Strikes out swinging
|
|
Batting: LHB Emmanuel Gaskin
|
0-0: Ground out U3 (Groundball, 3L, EV 111.2 MPH)
|
| Bottom of the 3rd over - 0 runs, 0 hits, 0 errors, 0 left on base; Seattle 2 - Detroit 2 |
| TOP OF THE 4TH |
|
Seattle Mariners batting - Pitching for Detroit Tigers : RHP Ryan Sobocinski
|
|
Batting: RHB Ivan Colon
|
0-0: Called Strike 0-1: Called Strike 0-2: Ball 1-2: Strikes out swinging
|
|
Batting: RHB Jonathan Rangel
|
0-0: Ball 1-0: Called Strike 1-1: Ground out 5-3 (Groundball, 56, EV 84.4 MPH)
|
|
Batting: RHB Young-kwang Ohnn
|
0-0: Swinging Strike 0-1: Swinging Strike 0-2: Strikes out swinging
|
| Top of the 4th over - 0 runs, 0 hits, 0 errors, 0 left on base; Seattle 2 - Detroit 2 |
| BOTTOM OF THE 4TH |
|
Detroit Tigers batting - Pitching for Seattle Mariners : RHP Bas Kooy
|
|
Batting: LHB Jordan Villa
|
0-0: Ball 1-0: Ball 2-0: Ball 3-0: Hit by Pitch
|
|
Batting: RHB Adrian Novakovic
|
0-0: Ball 1-0: Ball 2-0: SINGLE (Groundball, 4D, EV 97.5 MPH) Jordan Villa to second Runner from 2nd tries for 3rd, SAFE, throw by CF made to third Adrian Novakovic to second
|
|
Batting: RHB Greg Harman
|
0-0: Swinging Strike 0-1: Foul Ball, location: 2F 0-2: Ball 1-2: Ball 2-2: Ball 3-2: Foul Ball, location: 2F 3-2: SINGLE (Line Drive, 3D, EV 99.4 MPH) Jordan Villa scores Adrian Novakovic to third
|
|
Batting: LHB Morgan Black
|
0-0: Called Strike 0-1: Ball 1-1: Swinging Strike 1-2: Foul Ball, location: 2F 1-2: SINGLE (Groundball, 34S, EV 70.0 MPH) (infield hit) Adrian Novakovic scores Greg Harman to second
|
|
Batting: RHB Randy Shrewsbury
|
0-0: Ball 1-0: Foul Ball, location: 2F 1-1: Called Strike 1-2: Ball 2-2: Strikes out looking
|
|
Batting: LHB Tyler Davis
|
0-0: Ball 1-0: Ball 2-0: Grounds into double play, 4-6-3 (Groundball, 34, EV 105.6 MPH)
|
| Bottom of the 4th over - 2 runs, 3 hits, 0 errors, 1 left on base; Seattle 2 - Detroit 4 |
| TOP OF THE 5TH |
|
Seattle Mariners batting - Pitching for Detroit Tigers : RHP Ryan Sobocinski
|
|
Batting: RHB Steve Bartman Jr.
|
0-0: Ball 1-0: Called Strike 1-1: SOLO HOME RUN (Flyball, 78XD, EV 108.1 MPH), Distance : 420 ft
|
|
Batting: LHB Dae-ik Yoon
|
0-0: Ball 1-0: Ball 2-0: Called Strike 2-1: Foul Ball, location: 2F 2-2: Ball 3-2: Ground out 3-1 (Groundball, 34, EV 95.0 MPH)
|
|
Batting: SHB Floyd-William Goof
|
0-0: Swinging Strike 0-1: Ball 1-1: Swinging Strike 1-2: TRIPLE (Line Drive, 78XD, EV 107.5 MPH)
|
|
Batting: SHB Tze-meng Gan
|
0-0: Ground out 6-3 (Groundball, 6, EV 81.2 MPH) Floyd-William Goof scores
|
|
Batting: LHB Bi-jun Chien
|
0-0: Ball 1-0: Called Strike 1-1: Called Strike 1-2: Ball 2-2: Ground out 4-3 (Groundball, 4, EV 84.4 MPH)
|
| Top of the 5th over - 2 runs, 2 hits, 0 errors, 0 left on base; Seattle 4 - Detroit 4 |
| BOTTOM OF THE 5TH |
|
Detroit Tigers batting - Pitching for Seattle Mariners : RHP Bas Kooy
|
|
Batting: RHB Ryan Neal
|
0-0: Ball 1-0: Fly out, F9 (Line Drive, 9, EV 104.4 MPH)
|
|
Batting: RHB Victor Quinones
|
0-0: Called Strike 0-1: Swinging Strike 0-2: Ball 1-2: Ball 2-2: SOLO HOME RUN (Flyball, 9D, EV 93.8 MPH), Distance : 363 ft
|
|
Pitching: RHP Takaaki Nakada
|
|
|
Batting: LHB Emmanuel Gaskin
|
0-0: Called Strike 0-1: Ground out 4-3 (Groundball, 13, EV 86.9 MPH)
|
|
Batting: LHB Jordan Villa
|
0-0: Ball 1-0: Fly out, F7 (Flyball, 7S, EV 94.4 MPH)
|
| Bottom of the 5th over - 1 run, 1 hit, 0 errors, 0 left on base; Seattle 4 - Detroit 5 |
| TOP OF THE 6TH |
|
Seattle Mariners batting - Pitching for Detroit Tigers : RHP Ryan Sobocinski
|
|
Batting: LHB John Zumbo
|
0-0: Ball 1-0: Ball 2-0: Ball 3-0: Base on Balls
|
|
Batting: RHB Ivan Colon
|
0-0: Called Strike 0-1: Called Strike 0-2: Ball 1-2: Ground out 5-3 (Groundball, 56S, EV 74.4 MPH) John Zumbo to second
|
|
Batting: RHB Jonathan Rangel
|
0-0: Swinging Strike 0-1: SINGLE (Line Drive, 9LS, EV 93.1 MPH) John Zumbo to third Runner from 3rd tries for Home, SAFE, throw by RF to home Jonathan Rangel to second
|
|
Pitching: RHP Chris Haselhorst
|
|
|
Batting: RHB Young-kwang Ohnn
|
0-0: Ball 1-0: Swinging Strike 1-1: Called Strike 1-2: Foul Ball, location: 2F 1-2: Ball 2-2: Foul Ball, location: 2F 2-2: Ground out 5-3 (Groundball, 56, EV 85.6 MPH)
|
|
Batting: RHB Steve Bartman Jr.
|
0-0: Fly out, F9 (Flyball, 89D, EV 100.6 MPH)
|
| Top of the 6th over - 1 run, 1 hit, 0 errors, 1 left on base; Seattle 5 - Detroit 5 |
| BOTTOM OF THE 6TH |
|
Detroit Tigers batting - Pitching for Seattle Mariners : RHP Takaaki Nakada
|
|
Batting: RHB Adrian Novakovic
|
0-0: Fly out, F4 (Popup, 34S, EV 72.5 MPH)
|
|
Batting: RHB Greg Harman
|
0-0: Called Strike 0-1: Called Strike 0-2: Ball 1-2: Ball 2-2: Ground out 6-3 (Groundball, 6, EV 107.5 MPH)
|
|
Batting: LHB Morgan Black
|
0-0: Ball 1-0: Ball 2-0: Foul Ball, location: 2F 2-1: Foul Ball, location: 2F 2-2: Ball 3-2: Base on Balls
|
|
Batting: RHB Randy Shrewsbury
|
0-0: Ball 1-0: Fly out, F6 (Line Drive, 6, EV 73.1 MPH)
|
| Bottom of the 6th over - 0 runs, 0 hits, 0 errors, 1 left on base; Seattle 5 - Detroit 5 |
| TOP OF THE 7TH |
|
Seattle Mariners batting - Pitching for Detroit Tigers : RHP Chris Haselhorst
|
|
Pitching: RHP Andres de Leon
|
|
|
Batting: LHB Dae-ik Yoon
|
0-0: Ball 1-0: Ball 2-0: Ground out 4-3 (Groundball, 4, EV 77.5 MPH)
|
|
Batting: SHB Floyd-William Goof
|
0-0: Called Strike 0-1: Ball 1-1: Ball 2-1: Ground out 5-3 (Groundball, 5, EV 85.0 MPH)
|
|
Batting: SHB Tze-meng Gan
|
0-0: Ball 1-0: Ball 2-0: Foul Ball, location: 2F 2-1: Foul Ball, location: 2F 2-2: Ball 3-2: Base on Balls
|
|
Batting: LHB Bi-jun Chien
|
0-0: Ball 1-0: Ball 2-0: Ball 3-0: Base on Balls Tze-meng Gan to second
|
|
Batting: LHB John Zumbo
|
0-0: Called Strike 0-1: Called Strike 0-2: Ball 1-2: Fly out, F8 (Flyball, 8RXD, EV 87.5 MPH)
|
| Top of the 7th over - 0 runs, 0 hits, 0 errors, 2 left on base; Seattle 5 - Detroit 5 |
| BOTTOM OF THE 7TH |
|
Detroit Tigers batting - Pitching for Seattle Mariners : RHP Takaaki Nakada
|
|
Batting: LHB Tyler Davis
|
0-0: Ball 1-0: Fly out, F8 (Flyball, 8RXD, EV 96.2 MPH)
|
|
Batting: RHB Ryan Neal
|
0-0: Called Strike 0-1: Ball 1-1: Ball 2-1: SINGLE (Line Drive, 8LS, EV 93.8 MPH)
|
|
Batting: RHB Victor Quinones
|
0-0: Grounds into double play, 6-4-3 (Groundball, 6, EV 82.5 MPH)
|
| Bottom of the 7th over - 0 runs, 1 hit, 0 errors, 0 left on base; Seattle 5 - Detroit 5 |
| TOP OF THE 8TH |
|
Seattle Mariners batting - Pitching for Detroit Tigers : RHP Andres de Leon
|
|
Pitching: RHP Eric Putnam
|
|
|
Batting: RHB Ivan Colon
|
0-0: Ball 1-0: Ball 2-0: SOLO HOME RUN (Line Drive, 7D, EV 96.9 MPH), Distance : 395 ft
|
|
Batting: RHB Jonathan Rangel
|
0-0: Foul Ball, location: 2F 0-1: Foul Ball, location: 2F 0-2: Ball 1-2: Ball 2-2: SINGLE (Line Drive, 4D, EV 97.5 MPH)
|
|
Batting: RHB Young-kwang Ohnn
|
0-0: SINGLE (Groundball, 56D, EV 96.9 MPH) Jonathan Rangel to second
|
|
Batting: RHB Steve Bartman Jr.
|
0-0: Ball 1-0: Ball 2-0: Ball 3-0: Called Strike 3-1: Base on Balls Jonathan Rangel to third Young-kwang Ohnn to second
|
|
Batting: LHB Dae-ik Yoon
|
0-0: Foul Ball, location: 2F 0-1: Ball 1-1: Foul Ball, location: 2F 1-2: Foul Ball, location: 2F 1-2: Ball 2-2: Foul Ball, location: 2F 2-2: Foul Ball, location: 2F 2-2: Grounds into double play, 4-2-3 (Groundball, 4, EV 89.4 MPH) Young-kwang Ohnn to third Steve Bartman Jr. to second
|
|
Batting: SHB Floyd-William Goof
|
0-0: Ball 1-0: Swinging Strike 1-1: Called Strike 1-2: Ball 2-2: Foul Ball, location: 2F 2-2: Ball 3-2: Strikes out looking
|
| Top of the 8th over - 1 run, 3 hits, 0 errors, 2 left on base; Seattle 6 - Detroit 5 |
| BOTTOM OF THE 8TH |
|
Detroit Tigers batting - Pitching for Seattle Mariners : RHP Takaaki Nakada
|
|
Batting: LHB Emmanuel Gaskin
|
0-0: Ball 1-0: Called Strike 1-1: Ball 2-1: Ball 3-1: TRIPLE (Flyball, 78XD, EV 86.9 MPH)
|
|
Pitching: LHP David Anaya
|
|
|
Batting: LHB Jordan Villa
|
0-0: Swinging Strike 0-1: Ball 1-1: Called Strike 1-2: Ball 2-2: Ground out 6-3 (Groundball, 4, EV 80.0 MPH)
|
|
Batting: RHB Adrian Novakovic
|
0-0: Foul Ball, location: 2F 0-1: Ball 1-1: SINGLE (Groundball, 56, EV 100.6 MPH) Emmanuel Gaskin scores
|
|
Batting: RHB Greg Harman
|
0-0: Ball 1-0: Foul Ball, location: 2F 1-1: Ball 2-1: Foul Ball, location: 2F 2-2: Ball 3-2: Foul Ball, location: 2F 3-2: Foul Ball, location: 2F 3-2: SINGLE (Groundball, 4D, EV 103.8 MPH) Adrian Novakovic to second Runner from 2nd tries for 3rd, SAFE, throw by CF made to third
|
|
Pinch Hitting: RHB Danny Eberhart
|
0-0: Ball 1-0: Foul Ball, location: 2F 1-1: Foul Ball, location: 2F 1-2: Foul Ball, location: 2F 1-2: Foul Ball, location: 2F 1-2: Fly out, F8 (Flyball, 8LD, EV 100.0 MPH) Runner from 3rd tags up, SCORES, throw by CF
|
|
Batting: RHB Randy Shrewsbury
|
0-0: Fielders Choice at 2nd, 5-4 (Groundball, 56, EV 83.1 MPH)
|
| Bottom of the 8th over - 2 runs, 3 hits, 0 errors, 1 left on base; Seattle 6 - Detroit 7 |
| TOP OF THE 9TH |
|
Seattle Mariners batting - Pitching for Detroit Tigers : RHP Eric Putnam
|
|
Pitching: RHP Riso Profanter
|
|
|
Now in LF: Jordan Villa
|
|
|
Now in RF: Luke Feeney
|
|
|
Batting: SHB Tze-meng Gan
|
0-0: Fly out, F9 (Line Drive, 9D, EV 90.0 MPH)
|
|
Batting: LHB Bi-jun Chien
|
0-0: Foul Ball, location: 2F 0-1: Ball 1-1: Swinging Strike 1-2: Ball 2-2: Strikes out swinging
|
|
Batting: LHB John Zumbo
|
0-0: Ball 1-0: Ball 2-0: Foul Ball, location: 2F 2-1: Foul Ball, location: 2F 2-2: Ball 3-2: Foul Ball, location: 2F 3-2: Strikes out swinging
|
| Top of the 9th over - 0 runs, 0 hits, 0 errors, 0 left on base; Seattle 6 - Detroit 7 |
|